 Dungeon Crawl Stone Soup version 0.31-a0-920-g28cbb04a8c (webtiles) character file.

Game seed: 6465020338820493243

42 Azuregosa the Sneak (level 3, -1/26 HPs)
             Began as an Octopode Delver on Oct 17, 2023.
             Was an Initiate of Cheibriados.
             Slain by Pikel
             ... wielding a +1 whip of flaming
              (8 damage)
             ... on level 4 of the Dungeon.
             The game lasted 00:02:18 (226 turns).

Azuregosa the Sneak (Octopode Delver)                Turns: 226, Time: 00:02:20

Health: -1/26      AC:  1    Str: 12    XL:     3   Next: 54%
Magic:  3/3        EV: 14    Int: 13    God:    Cheibriados [......]
Gold:   0          SH:  0    Dex: 16    Spells: 2/2 levels left

rFire   . . .        a - +0 short sword
rCold   . . .        (no shield)
rNeg    . . .        (helmet restricted)
rPois   .            (no amulet)
rElec   .            (no ring)
rCorr   .            (no ring)
SInv    .            (no ring)
Will    .....        (no ring)
Stlth   +++++        (no ring)
HPRegen 0.24/turn    (no ring)
MPRegen 0.08/turn    (no ring)
                     (no ring)

%: no passive effects
@: very slow
A: almost no armour, amphibious, 8 rings, camouflage 1, gelatinous body 1,
(nimble swimmer 1), tentacles
a: Renounce Religion


You were on level 4 of the Dungeon.
You worshipped Cheibriados.
Cheibriados was noncommittal.
You visited 2 branches of the dungeon, and saw 4 of its levels.

Inventory:

Hand Weapons
 a - a +0 short sword (weapon)
Wands
 f - a wand of digging (3)
Scrolls
 b - a scroll of fog
 d - a scroll of fear
 g - a scroll of amnesia {unknown}
Potions
 e - a potion of haste


   Skills:
 - Level 3.0 Fighting
 - Level 2.0 Short Blades
 + Level 3.2 Dodging
 - Level 7.2 Stealth


You had 2 spell levels left.
You didn't know any spells.
Your spell library was empty.

Dungeon Overview and Level Annotations

Branches:
Dungeon (6/15)             Temple (1/1) D:4

Altars:
Ashenzari
Cheibriados
Dithmenos
Elyvilon
Gozag
Kikubaaqudgha
Makhleb
Nemelex Xobeh
Qazlal
Ru
Sif Muna
Uskayaw
Vehumet
Wu Jian
Xom
Zin

Annotations:
D:4 Pikel
D:6 Grinder


Innate Abilities, Weirdness & Mutations

You cannot wear most types of armour.
You are amphibious.
You can wear up to eight rings at the same time.
Your skin changes colour to match your surroundings (Stealth+).
Your rubbery body absorbs attacks. (AC +1, EV +1)
((You are camouflaged when in or above water. (Stealth+)))
You have tentacles for arms and can constrict up to eight enemies at once.


Message History

The iguana is almost dead.
You constrict the iguana.
You kill the iguana!
Cheibriados appreciates the change of pace.
Your Dodging skill increases to level 3!
You have reached level 3!
Your experience leads to an increase in your attributes!
Your base attributes are Str 11, Int 12, Dex 13.
Increase (S)trength, (I)ntelligence, or (D)exterity?
You feel agile. x2
You start resting.
HP restored.
You hear the slow hiss of an avalanche of sand very nearby.
You open the door.
A lemure comes into view.
There is an open door here.
Pikel and 2 lemures come into view.
Pikel is wielding a +1 whip of flaming.
The lemure shouts!
Pikel shouts!
You hear a shout!
The lemure shouts!
You closely miss Pikel. You grab Pikel. You squeeze Pikel.
Pikel is lightly wounded.
You constrict Pikel, but do no damage. Pikel barely misses you.
A lemure comes into view.
You hit Pikel but do no damage.
Pikel is lightly wounded.
You constrict Pikel, but do no damage.
Pikel hits you with a +1 whip of flaming.
Pikel burns you.
You release your grip on Pikel.
You hit Pikel but do no damage. You grab Pikel.
Pikel is lightly wounded.
You constrict Pikel, but do no damage. You barely miss Pikel.
You squeeze Pikel!
Pikel is moderately wounded.
You constrict Pikel, but do no damage.
Pikel hits you with a +1 whip of flaming!
Ouch! That really hurt!
* * * LOW HITPOINT WARNING * * *
Pikel burns you!
You die...
Pikel says, "See you in Hell!"

*,* *,* *,*,**,*,* *,*
*,*********,*,**,*,* *,*
*,,,,,,,..*,*,**,*,****** *,*
**********#.*,*.#*,*,**,,,, *,*
*,,,,,,,,,#.*,*.#*,*,**,**,
*,*****,***,,,**#.#+#.#*,*,**,**,
*,,,,,,,,*#,,,<>,.....#*,*,,,,**,
****,,,,,*#..#####....#*,*******,
***,*+*+*,#...5K@'....#*,,,,,,,,,
,,,,*,*,#....5.###....##,,******,
*,******###....,,#.....#,,*,,,,,,
*,+,*,,,,,+....,,#..†..#,,*,****,
*,***,∩,**#....,,#.....#,,*,*,,,,
*,+,*,,,*,+....,,#.....#,,*,,,,,,
*,********#....,,####'##,,,,,,,,,
**,,*,*,*,.#...,,* #.#*.#*,,,,,,
***,*+*+*,**,,,,,* #.#*.#*,....,


You could see Pikel and 2 lemures.

Vanquished Creatures
  An iguana (D:4)
  An adder (D:4)
  An endoplasm (D:4)
  A hobgoblin (D:4)
  2 jackals (D:4)
  A quokka (D:4)
7 creatures vanquished.

Notes
Turn   | Place    | Note
-------+----------+-------------------------------------------
     0 | D:5      | Azuregosa the Octopode Delver began the quest for the Orb.
     0 | D:5      | Reached XP level 1. HP: 16/16 MP: 1/1
     1 | D:6      | Noticed Grinder
     1 | D:6      | Noticed a hound
    25 | D:5      | Noticed a hound
    43 | D:4      | Reached skill level 7 in Stealth
    43 | D:4      | Reached XP level 2. HP: 21/21 MP: 2/2
    43 | D:4      | Found a staircase to the Ecumenical Temple.
    71 | Temple   | Entered the Ecumenical Temple
    96 | Temple   | Became a worshipper of Cheibriados the Contemplative
   198 | D:4      | Reached XP level 3. HP: 22/26 MP: 3/3
   219 | D:4      | Noticed a lemure
   221 | D:4      | Noticed Pikel
   221 | D:4      | Noticed a lemure
   221 | D:4      | Noticed a lemure
   222 | D:4      | Noticed a lemure
   226 | D:4      | Slain by Pikel

Illustrated notes

Levels and vault maps discovered:
D:4:      layout_basic, minmay_temple_entry_slanted,
          mainiacjoe_ossuary_entry_find_the_door, kennysheep_decorative_pillar,
          uniq_pargi, uniq_pikel, uniq_blork_the_orc, uniq_ijyb
D:5:      layout_cave_pools, lemuel_tele_altar, serial_gnoll_camp,
          gnoll_camp_medium_02, gnoll_camp_mini_hut, gnoll_camp_mini_house,
          gnoll_camp_mini_shop, minmay_strange_pillars,
          kennysheep_generic_room_13
D:6:      layout_basic, uniq_edmund, uniq_grinder
Temple:   regret_index_temple_sphere_string

Skill      XL: |  1  2 |
---------------+-------+-----
Stealth        | 7 |  7.2
Dodging        | 3 |  3.2
Fighting       | |  3.0
Short Blades   | |  2.0

Action                     || total
---------------------------++-------
  Melee: Short sword       ||    27
         Constrict         ||     9
         Tentacles         ||     5
    Use: Scroll            ||     1
 Armour: Skin              ||    16
  Dodge: Dodged            ||    20

Table legend: (Time is in decaauts)
 A = Elapsed time spent in this place.
 B = Non-inter-level travel time spent in this place.
 C = Inter-level travel time spent in this place.
 D = Time resting spent in this place.
 E = Time spent auto-exploring this place.
 F = Levels seen in this place.
 G = Mean time per level.
                   A        B        C        D        E       F      G
               +--------+--------+--------+--------+--------+-----+--------+
         Total |    239 |    239 |      0 |     50 |      0 |   4 |   59.8 |
       Dungeon |    181 |    181 |      0 |     50 |      0 |   3 |   60.3 |
        Temple |     57 |     57 |      0 |      0 |      0 |   1 |   57.0 |
               +--------+--------+--------+--------+--------+-----+--------+

Top non-repeatable levels by time:
     D:4: 153 daAuts
  Temple: 57 daAuts
     D:5: 26 daAuts
     D:6: 1 daAuts
